 Dungeon Crawl Stone Soup version 0.28.0-1-gb440e238dd (webtiles) character file.

Game seed: 9388168668040751200

1460 Morbidden the Conjurer (level 8, 0/57 HPs)
             Began as a Demonspawn Conjurer on Feb 22, 2022.
             Was a Follower of Cheibriados.
             Slain by a centaur (6 damage)
             ... on level 6 of the Dungeon.
             The game lasted 00:14:00 (6579 turns).

Morbidden the Conjurer (Demonspawn Conjurer)        Turns: 6579, Time: 00:14:01

Health: 0/57       AC:  5    Str: 13    XL:     8   Next: 48%
Magic:  16/16      EV: 11    Int: 23    God:    Cheibriados [*.....]
Gold:   235        SH:  0    Dex: 13    Spells: 10/17 levels left

rFire   . . .      SeeInvis .     - Unarmed
rCold   + . .      Faith    .   (no shield)
rNeg    . . .      Spirit   .   q - +0 ring mail
rPois   .          Reflect  .   (no helmet)
rElec   .          Harm     .   (no cloak)
rCorr   .          Rampage  .   (no gloves)
Will    .....                   (no boots)
Stlth   +.........              m - amulet of magic regeneration
HPRegen 0.19/turn               f - ring of protection from cold
MPRegen 0.55/turn               (no ring)

@: very slow
A: claws 1, demonic guardian 2, big brain 1
a: Renounce Religion, Bend Time


You were on level 6 of the Dungeon.
You worshipped Cheibriados.
Cheibriados was aware of your devotion.
You visited 2 branches of the dungeon, and saw 7 of its levels.
You also visited: Sewer.

You collected 235 gold pieces.

Inventory:

Missiles
 c - a curare-tipped dart
Armour
 o - a +0 chain mail
 q - a +0 ring mail (worn)
Jewellery
 f - a ring of protection from cold (left claw)
 m - an amulet of magic regeneration (around neck)
Wands
 A - a wand of flame (15) (quivered)
Scrolls
 d - 4 scrolls of teleportation
 g - a scroll of enchant weapon {unknown}
 p - a scroll of noise {unknown}
 u - a scroll of blinking
 w - a scroll of summoning {unknown}
 x - 2 scrolls of identify {unknown}
 y - a scroll of vulnerability {unknown}
 z - 3 scrolls of fear {unknown}
Potions
 a - a potion of berserk rage {unknown}
 b - a potion of magic
 h - a potion of mutation {unknown}
 i - 3 potions of invisibility {unknown}
 j - 2 potions of might {unknown}
 k - 3 potions of curing {unknown}
 l - a potion of flight {unknown}
 n - 2 potions of degeneration {unknown}
 r - 2 potions of heal wounds {unknown}
 s - a potion of haste {unknown}
 t - a potion of ambrosia {unknown}
 v - a potion of lignification {unknown}


   Skills:
 * Level 2.9 Fighting
 + Level 0.5 Short Blades
 + Level 1.2 Throwing
 + Level 2.1 Armour
 + Level 2.3 Dodging
 + Level 2.3 Stealth
 * Level 2.2 Unarmed Combat
 * Level 5.4 Spellcasting
 * Level 7.0 Conjurations
 * Level 1.1 Translocations
 * Level 1.9 Invocations
 + Level 2.0 Evocations


You had 10 spell levels left.
You knew the following spells:

 Your Spells              Type           Power      Damage    Failure   Level
a - Magic Dart            Conj           100%       1d8       1%          1
b - Searing Ray           Conj           76%        2d7       1%          2
c - Iskenderun's Mystic   Conj/Tloc      25%        2d7       34%         4

Your spell library contained the following spells:

 Spells                   Type           Power      Damage    Failure   Level
 Dazzling Flash           Conj/Hex       44%        N/A       14%         3
 Pain                     Necr           24%        1d5       19%         1
 Blink                    Tloc           22%        N/A       19%         2
 Fulminant Prism          Conj/Hex       11%        3d9       41%         4
 Confusing Touch          Hex            6%         N/A       50%         3
 Cause Fear               Hex            3%         N/A       88%         4
 Manifold Assault         Tloc           11%        N/A       98%         5
 Agony                    Necr           6%         N/A       99%         5
 Excruciating Wounds      Necr           3%         N/A       99%         5
 Yara's Violent Unravell  Hex/Tmut       3%         3d4       99%         5
 Dragon Form              Tmut           3%         N/A       100%        7
 Enfeeble                 Hex            3%         N/A       100%        7
 Storm Form               Tmut/Air       3%         N/A       100%        7
 Dragon's Call            Summ           3%         N/A       100%        9


Dungeon Overview and Level Annotations

Branches:
Dungeon (6/15)             Temple (1/1) D:5           Sewer (visited)

Altars:
Ashenzari
Cheibriados
Gozag
Hepliaklqana
Kikubaaqudgha
Nemelex Xobeh
Okawaru
Qazlal
Ru
Sif Muna
Trog
Wu Jian
Xom
Yredelemnul
The Shining One
Lugonu

Shops:
D:2 :!*

Annotations:
D:6 exclusions: 2 centaurs and 1 more exclusion


Innate Abilities, Weirdness & Mutations

You have sharp fingernails.
A demonic guardian rushes to your aid.
You have an unusually large brain. (Int +2)


Message History

The searing ray hits Edmund.
You kill Edmund!
Cheibriados appreciates the change of pace. (Press . to maintain the ray.)
The centaur wields a +0 shortbow.
The centaur shoots an arrow.
The arrow completely misses you.
Your life force feels restored.
Your Armour skill increases to level 2!
Your Translocations skill increases to level 1!
Unknown command.
The centaur shoots an arrow.
The arrow hits you!
You are too injured to fight recklessly!
Unknown command.
The centaur shoots an arrow.
The arrow hits you!
The centaur shoots an arrow.
The arrow barely misses you.
Unknown command.
The centaur unwields a +0 shortbow.
The centaur hits you. The centaur completely misses you.
The centaur hits you but does no damage.
The centaur barely misses you.
Unknown command.
You scratch the centaur but do no damage.
The centaur hits you.
* * * LOW HITPOINT WARNING * * *
The centaur kicks you but does no damage.
The centaur hits you but does no damage.
The centaur closely misses you.
Unknown command.
You scratch the centaur.
The centaur is lightly wounded.
The centaur hits you.
* * * LOW HITPOINT WARNING * * *
The centaur barely misses you.
Unknown command.
It was a potion of magic.
Magic courses through your body. The centaur hits you.
* * * LOW HITPOINT WARNING * * *
The centaur kicks you but does no damage.
The centaur hits you.
You die...

...##..###..###..#
.#..#..# #.## #..#
###.#..# #.# #..#
.#.....###.# #..#
...........# #..#
#.###..###.####..####.##
........................
.#....<###.####..####..#
###....# #.# #.@......#
.#.....# #.# ##c####.##
...#...# #.# #.#
...##... ... #(# .. #..#
#.# #(# . .... ... .(.
##.# .(. .(. .#(##


You could see a centaur.

Vanquished Creatures
  Eustachio (D:4)
  Edmund (D:6)
  Pargi (D:3)
  An ice beast (D:5)
  2 black bears (D:5)
  2 ogres
  2 necrophages (D:5)
  A water moccasin skeleton (D:4)
  A centaur zombie (D:4)
  2 hounds (D:4)
  An orc priest (D:3)
  A jelly (D:4)
  A hell rat (Sewer)
  5 adders
  A river rat (D:5)
  An ufetubus (D:6)
  An adder skeleton (D:5)
  4 worms
  3 dart slugs
  13 orcs (D:3)
  An endoplasm (D:2)
  4 giant cockroaches
  5 goblins
  7 hobgoblins
  A jackal (D:4)
  7 quokkas
  3 ball pythons
  7 bats
  7 kobolds
  3 rats (Sewer)
90 creatures vanquished.

Vanquished Creatures (collateral kills)
  An ogre (D:4)
  An iguana (D:5)
  An orc wizard (D:4)
3 creatures vanquished.

Vanquished Creatures (others)
  A plant (D:3)
1 creature vanquished.

Grand Total: 94 creatures vanquished

Notes
Turn   | Place    | Note
-------+----------+-------------------------------------------
     0 | D:1      | Morbidden the Demonspawn Conjurer began the quest for the
                  | Orb.
     0 | D:1      | Reached XP level 1. HP: 13/13 MP: 3/3
    13 | D:1      | Found a faded altar of an unknown god.
   450 | D:1      | Gained mutation: You have an unusually large brain. (Int
                  | +2) [demonic ancestry]
   450 | D:1      | Reached XP level 2. HP: 19/19 MP: 0/5
   568 | D:1      | Learned a level 2 spell: Searing Ray
  1093 | D:2      | Found Beskuix's Distillery.
  1148 | D:2      | Reached XP level 3. HP: 24/24 MP: 3/6
  1428 | D:2      | Reached skill level 5 in Conjurations
  1548 | D:2      | Found Sosit's Book Shop.
  1743 | D:2      | Found Piased's General Store.
  1886 | D:2      | Reached XP level 4. HP: 27/31 MP: 2/7
  2295 | D:3      | Found a stormy altar of Qazlal.
  2295 | D:3      | Found an ornate altar of the Wu Jian Council.
  2296 | D:3      | Found an iron altar of Okawaru.
  2755 | D:3      | Gained mutation: A weak demonic guardian rushes to your
                  | aid. [demonic ancestry]
  2755 | D:3      | Reached XP level 5. HP: 31/36 MP: 2/9
  3273 | D:3      | Noticed Pargi
  3278 | D:3      | Killed Pargi
  3279 | D:3      | Reached skill level 1 in Fighting
  3446 | D:4      | Gained mutation: A demonic guardian rushes to your aid.
                  | [demonic ancestry]
  3446 | D:4      | Reached XP level 6. HP: 43/43 MP: 3/12
  3618 | D:4      | You fall into a shaft and drop 1 floor!
  3618 | D:5      | Entered Level 5 of the Dungeon
  3644 | D:5      | Found a bloodstained altar of Trog.
  3689 | D:5      | Noticed an ice beast
  3699 | D:5      | Reached skill level 1 in Evocations
  3700 | D:5      | Killed an ice beast
  3701 | D:5      | Reached skill level 6 in Conjurations
  3721 | D:5      | Found a snail-covered altar of Cheibriados.
  3743 | D:5      | Found a glowing drain.
  3794 | Sewer    | Entered a sewer
  3991 | D:5      | Found a staircase to the Ecumenical Temple.
  4069 | Temple   | Entered the Ecumenical Temple
  4132 | D:5      | Found a sparkling altar of Nemelex Xobeh.
  4174 | D:5      | Gained mutation: You have sharp fingernails. [demonic
                  | ancestry]
  4174 | D:5      | Reached XP level 7. HP: 48/49 MP: 6/13
  4325 | D:5      | Became a worshipper of Cheibriados the Contemplative
  4531 | D:5      | Reached skill level 1 in Unarmed Combat
  4881 | D:5      | Identified the +1 robe of Limitation {rF+ Int+4 Dex+2}
  4961 | D:4      | Reached skill level 5 in Spellcasting
  5449 | D:4      | Reached skill level 1 in Armour
  5454 | D:4      | Learned a level 4 spell: Iskenderun's Mystic Blast
  5677 | D:4      | Reached XP level 8. HP: 57/57 MP: 12/15
  5848 | D:4      | Noticed Eustachio
  5853 | D:4      | Reached skill level 1 in Invocations
  5874 | D:4      | Killed Eustachio
  5875 | D:4      | Reached skill level 1 in Throwing
  5875 | D:4      | Reached skill level 7 in Conjurations
  6047 | D:4      | Reached * piety under Cheibriados
  6559 | D:6      | Noticed Edmund
  6573 | D:6      | Killed Edmund
  6574 | D:6      | Reached skill level 1 in Translocations
  6579 | D:6      | Slain by a centaur

Illustrated notes

Levels and vault maps discovered:
D:1:      scummos_arrival_forest, layout_loops_ring,
          shapermc_ecumenical_altar_acropolis, minmay_misc_feat_diagonals
D:2:      layout_loops_ring, serial_shops, shop, shop,
          nicolae_shop_temple_entry_statues_fountains,
          chequers_decorated_corner, columned_hall_lemuel
D:3:      layout_basic, gammafunk_temple_overflow_forgotten, uniq_pargi
D:4:      minmay_opposing_rooms, layout_basic, mainiacjoe_overflow_alcove_2,
          uniq_eustachio
D:5:      layout_rooms, kennysheep_slug_shrine, mainiacjoe_overflow_alcove_1,
          trog_ov_bears_minmay, temple_fountains, cheibrodos_sewer_entry_sluice,
          hangedman_decor_peaks_small
D:6:      layout_basic, nicolae_overflow_crystal_walls, minmay_strange_pillars,
          centaur_isle, uniq_edmund, uniq_sigmund
Temple:   corrupted_temple

Skill      XL: |  1  2  3  4  5  6  7  8 |
---------------+-------------------------+-----
Dodging        | 2 |  2.3
Conjurations   | 5 6 7 |  7.0
Spellcasting   | 3 4 5 |  5.4
Fighting       | 1 2 |  2.9
Stealth        | 2 |  2.3
Evocations     | 1 2 |  2.0
Unarmed Combat | 1 2 |  2.2
Armour         | 1 2 |  2.1
Invocations    | 1 |  1.9
Throwing       | 1 |  1.2
Translocations | 1 |  1.1
Short Blades   | |  0.5

Action                   |  1- 3 |  4- 6 |  7- 9 || total
-------------------------+-------+-------+-------++-------
Melee: Unarmed           |    11 |       |    80 ||    91
       Dagger            |    19 |    28 |       ||    47
Throw: Dart              |       |     9 |    18 ||    27
 Cast: Magic Dart        |    61 |    56 |    18 ||   135
       Searing Ray       |     3 |    13 |    13 ||    29
Evoke: Wand              |       |       |     1 ||     1
  Use: Scroll            |       |     2 |     1 ||     3
       Potion            |       |       |     1 ||     1
Armor: Robe              |     5 |     5 |       ||    10
       Ring mail         |       |    21 |    45 ||    66
Dodge: Dodged            |    23 |    41 |    56 ||   120
